[Event "22nd Ruzomberok Open 2019"]
[Site "Ruzomberok"]
[Date "2019.06.29"]
[Round "1.26"]
[White "Bakalar, Jan"]
[Black "Taragel, Marian"]
[Result "1/2-1/2"]
[ECO "D02"]
[WhiteElo "1969"]
[BlackElo "1636"]
[Annotator "NA"]
[PlyCount "54"]
[EventDate "2019.06.29"]
[EventType "swiss"]
[EventCountry "SVK"]
[SourceTitle "playchess.com"]
[Source "ChessBase"]
[SourceQuality "1"]
[TimeControl "40/5400+30:1800+30"]

1. d4 d5 2. Nf3 Nf6 3. g3 c6 4. Bg2 Bg4 5. Ne5 Bf5 6. O-O Nbd7 7. f4 e6 8. Nc3 Be7 9. h3 Nxe5 10. fxe5 Nd7 11. e4 dxe4 12. Nxe4 O-O 13. c3 Qb6 14. Qb3 Rfd8 15. Be3 Qc7 16. Ng5 Bxg5 17. Bxg5 Re8 18. Rad1 h6 19. Bc1 Rac8 20. g4 Bh7 21. g5 hxg5 22. Bxg5 b6 23. Rd2 c5 24. Qd1 cxd4 25. cxd4 Qc4 26. Bb7 Rc7 27. Qf3 Bg6 1/2-1/2

[Event "22nd Ruzomberok Open 2019"]
[Site "Ruzomberok"]
[Date "2019.06.29"]
[Round "1.27"]
[White "Kunzo, Slavomir"]
[Black "Baleja, Marian"]
[Result "0-1"]
[ECO "D50"]
[WhiteElo "1593"]
[BlackElo "1951"]
[Annotator "NA"]
[PlyCount "74"]
[EventDate "2019.06.29"]
[EventType "swiss"]
[EventCountry "SVK"]
[SourceTitle "playchess.com"]
[Source "ChessBase"]
[SourceQuality "1"]
[TimeControl "40/5400+30:1800+30"]

1. c4 Nf6 2. d4 e6 3. Nc3 d5 4. Bg5 Bb4 5. e3 h6 6. Bh4 O-O 7. Bd3 c6 8. Nge2 Nbd7 9. O-O Re8 10. e4 dxe4 11. Nxe4 Be7 12. Bg3 b6 13. Rc1 Nf8 14. Nxf6+ Bxf6 15. b4 Bb7 16. Be4 e5 17. d5 cxd5 18. cxd5 Rc8 19. Qd3 Bg5 20. f4 Rxc1 21. Rxc1 exf4 22. Bxf4 Bxf4 23. Nxf4 Qd6 24. Qd4 Nd7 25. Rf1 Nf6 26. Bf3 Re5 27. Rd1 Rf5 28. Ne2 g5 29. Qd3 Re5 30. g4 Qxb4 31. Qc3 Qxc3 32. Nxc3 Re3 33. d6 Bxf3 34. Nd5 Bxd5 35. Rxd5 Nd7 36. a4 Kf8 37. a5 Re5 0-1

[Event "22nd Ruzomberok Open 2019"]
[Site "Ruzomberok"]
[Date "2019.06.29"]
[Round "1.28"]
[White "Druska, Robert"]
[Black "Cebo, Vladimir"]
[Result "1-0"]
[ECO "B30"]
[WhiteElo "1918"]
[BlackElo "1577"]
[Annotator "NA"]
[PlyCount "71"]
[EventDate "2019.06.29"]
[EventType "swiss"]
[EventCountry "SVK"]
[SourceTitle "playchess.com"]
[Source "ChessBase"]
[SourceQuality "1"]
[TimeControl "40/5400+30:1800+30"]

1. e4 c5 2. Nf3 Nc6 3. d3 e6 4. g3 Be7 5. Bg2 d6 6. O-O Nf6 7. c3 O-O 8. Na3 a6 9. h3 Rb8 10. Nh2 Ne5 11. f4 Ng6 12. h4 h6 13. Nc2 b5 14. Ne3 Bb7 15. h5 Nh8 16. e5 dxe5 17. fxe5 Nd5 18. Neg4 f5 19. Nxh6+ Kh7 20. Qd2 Qc7 21. Nf3 gxh6 22. Qxh6+ Kg8 23. Qxe6+ Rf7 24. Bh3 Qd8 25. Qh6 Nxc3 26. bxc3 Qxd3 27. Bg2 Qc4 28. Bf4 Re8 29. Nd2 Qxc3 30. Bxb7 Rh7 31. Bd5+ Nf7 32. Qg6+ Rg7 33. Bxf7+ Kf8 34. Bh6 Qxg3+ 35. Qxg3 Kxf7 36. Qxg7+ 1-0

[Event "22nd Ruzomberok Open 2019"]
[Site "Ruzomberok"]
[Date "2019.06.29"]
[Round "1.29"]
[White "Slivka, Vasil"]
[Black "Koloditsova, Renata"]
[Result "0-1"]
[ECO "D38"]
[WhiteElo "1562"]
[BlackElo "1903"]
[Annotator "NA"]
[PlyCount "50"]
[EventDate "2019.06.29"]
[EventType "swiss"]
[EventCountry "SVK"]
[SourceTitle "playchess.com"]
[Source "ChessBase"]
[SourceQuality "1"]
[TimeControl "40/5400+30:1800+30"]

1. Nf3 d5 2. d4 e6 3. c4 Nf6 4. Nc3 Bb4 5. Bg5 h6 6. Bxf6 Qxf6 7. cxd5 exd5 8. a3 Bxc3+ 9. bxc3 O-O 10. e3 c5 11. c4 Be6 12. cxd5 Bxd5 13. Rc1 Bxf3 14. gxf3 cxd4 15. e4 Nc6 16. h4 Rfd8 17. Bd3 Ne5 18. Rh3 Qf4 19. Ke2 Rac8 20. Rxc8 Rxc8 21. Qa4 Rc3 22. Qe8+ Kh7 23. Bb1 d3+ 24. Bxd3 Rxd3 25. Rg3 Rxf3 0-1

[Event "22nd Ruzomberok Open 2019"]
[Site "Ruzomberok"]
[Date "2019.06.29"]
[Round "1.30"]
[White "Pecho, Juraj"]
[Black "Majerova, Veronika"]
[Result "1-0"]
[ECO "A45"]
[WhiteElo "1900"]
[BlackElo "1531"]
[Annotator "NA"]
[PlyCount "79"]
[EventDate "2019.06.29"]
[EventType "swiss"]
[EventCountry "SVK"]
[SourceTitle "playchess.com"]
[Source "ChessBase"]
[SourceQuality "1"]
[TimeControl "40/5400+30:1800+30"]

1. d4 Nf6 2. Bf4 g6 3. e3 Bg7 4. Nf3 d6 5. Be2 O-O 6. O-O Nbd7 7. h3 Re8 8. c3 b6 9. a4 a5 10. Bh2 Bb7 11. Qb3 e6 12. Nbd2 Ne4 13. Nxe4 Bxe4 14. Nd2 Bb7 15. e4 e5 16. dxe5 Bxe5 17. Bxe5 Rxe5 18. f4 Re7 19. Bf3 Nc5 20. Qc2 Ba6 21. c4 Ne6 22. Bg4 Nd4 23. Qd3 c5 24. Rae1 Qe8 25. Nf3 Nxf3+ 26. Bxf3 Rd8 27. Qb3 d5 28. Qxb6 Bxc4 29. Rf2 dxe4 30. Qxc5 e3 31. Rc2 Rc8 32. Qxa5 Bb3 33. Rxc8 Qxc8 34. Qb4 Qc2 35. Re2 Qc1+ 36. Kh2 Rd7 37. Qb8+ Kg7 38. Qxb3 Rd1 39. Qxe3 Rh1+ 40. Kg3 1-0

[Event "22nd Ruzomberok Open 2019"]
[Site "Ruzomberok"]
[Date "2019.06.29"]
[Round "1.31"]
[White "Hajtmansky, Milan"]
[Black "Janik, Miroslav"]
[Result "0-1"]
[ECO "B30"]
[WhiteElo "1521"]
[BlackElo "1889"]
[Annotator "NA"]
[PlyCount "80"]
[EventDate "2019.06.29"]
[EventType "swiss"]
[EventCountry "SVK"]
[SourceTitle "playchess.com"]
[Source "ChessBase"]
[SourceQuality "1"]
[TimeControl "40/5400+30:1800+30"]

1. e4 c5 2. Nf3 Nc6 3. Bc4 e6 4. a3 Be7 5. O-O d5 6. exd5 exd5 7. Ba2 Nf6 8. d3 O-O 9. Bg5 Bg4 10. Nbd2 Re8 11. Re1 Qd7 12. c3 b5 13. Qc2 Be6 14. Re2 a5 15. Rae1 a4 16. Bxf6 Bxf6 17. Bb1 g6 18. h4 h5 19. g3 Kg7 20. Nf1 Qd6 21. Qd2 d4 22. Ng5 Bxg5 23. hxg5 b4 24. c4 b3 25. Qf4 Qxf4 26. gxf4 Kf8 27. Ng3 Na5 28. Re5 Nb7 29. Ne4 Bf5 30. Nxc5 Nxc5 31. Kg2 Nxd3 32. Bxd3 Bxd3 33. c5 Rxe5 34. Rxe5 Re8 35. c6 Rxe5 36. fxe5 Be4+ 37. f3 Bxc6 38. Kf2 Ke7 39. f4 Be4 40. Ke2 h4 0-1

[Event "22nd Ruzomberok Open 2019"]
[Site "Ruzomberok"]
[Date "2019.06.29"]
[Round "1.32"]
[White "Ambrozi, Peter"]
[Black "Petrasko, Jozef"]
[Result "1-0"]
[ECO "A46"]
[WhiteElo "1888"]
[BlackElo "1455"]
[Annotator "NA"]
[PlyCount "69"]
[EventDate "2019.06.29"]
[EventType "swiss"]
[EventCountry "SVK"]
[SourceTitle "playchess.com"]
[Source "ChessBase"]
[SourceQuality "1"]
[TimeControl "40/5400+30:1800+30"]

1. d4 Nf6 2. Nf3 d6 3. g3 g6 4. Bg2 Bg7 5. O-O O-O 6. c4 c6 7. b3 Nbd7 8. Bb2 Qc7 9. Nc3 e5 10. e4 exd4 11. Nxd4 Ne5 12. h3 Qb6 13. Na4 Qc7 14. f4 Ned7 15. Qc2 Nc5 16. Nxc5 dxc5 17. Nf3 Nh5 18. Bxg7 Nxg7 19. Qf2 Ne6 20. f5 Ng7 21. g4 b6 22. Qh4 h5 23. f6 Ne6 24. gxh5 Qf4 25. hxg6 Qxh4 26. Nxh4 Ng5 27. g7 Rd8 28. Nf5 Bxf5 29. Rxf5 Nh7 30. e5 Re8 31. Re1 Re6 32. Rh5 Rae8 33. Be4 Nxf6 34. exf6 Rxf6 35. Bh7+ 1-0

[Event "22nd Ruzomberok Open 2019"]
[Site "Ruzomberok"]
[Date "2019.06.29"]
[Round "1.33"]
[White "Segeda, Milos"]
[Black "Karcol, Jan"]
[Result "0-1"]
[ECO "C68"]
[WhiteElo "1446"]
[BlackElo "1882"]
[Annotator "NA"]
[PlyCount "44"]
[EventDate "2019.06.29"]
[EventType "swiss"]
[EventCountry "SVK"]
[SourceTitle "playchess.com"]
[Source "ChessBase"]
[SourceQuality "1"]
[TimeControl "40/5400+30:1800+30"]

1. e4 e5 2. Nf3 Nc6 3. Bb5 a6 4. Bxc6 dxc6 5. Nxe5 Qd4 6. Nxf7 Qxe4+ 7. Qe2 Qxe2+ 8. Kxe2 Kxf7 9. Nc3 Nf6 10. d3 Bd6 11. Bg5 Bf5 12. Bxf6 gxf6 13. g3 Bg4+ 14. Kd2 Bb4 15. Rae1 Rhe8 16. h3 Rxe1 17. Kxe1 Re8+ 18. Kf1 Bf3 19. Rh2 Bxc3 20. bxc3 Re2 21. h4 Rd2 22. Ke1 Rd1# 0-1

[Event "22nd Ruzomberok Open 2019"]
[Site "Ruzomberok"]
[Date "2019.06.29"]
[Round "1.34"]
[White "Tomanek, Rafael"]
[Black "Zilkay, Dominik"]
[Result "1/2-1/2"]
[ECO "D44"]
[WhiteElo "1880"]
[BlackElo "1328"]
[Annotator "NA"]
[PlyCount "123"]
[EventDate "2019.06.29"]
[EventType "swiss"]
[EventCountry "SVK"]
[SourceTitle "playchess.com"]
[Source "ChessBase"]
[SourceQuality "1"]
[TimeControl "40/5400+30:1800+30"]

1. d4 d5 2. Nf3 Nf6 3. c4 c6 4. Nc3 e6 5. Bg5 dxc4 6. e4 b5 7. e5 h6 8. Bh4 g5 9. Nxg5 hxg5 10. Bxg5 Nbd7 11. exf6 Bb7 12. Qc2 Qb6 13. O-O-O O-O-O 14. Ne4 c5 15. dxc5 Nxc5 16. Rxd8+ Qxd8 17. Nxc5 Bxc5 18. h4 Qa5 19. Be2 Qxa2 20. f3 a5 21. Qb1 Qb3 22. Qc2 a4 23. Qxb3 axb3 24. h5 Bd5 25. Kb1 Kd7 26. g4 b4 27. Bd2 Kc6 28. h6 Bd4 29. Bxb4 Bxf6 30. Bc3 Bxc3 31. bxc3 Kd6 32. Rh5 f6 33. f4 Ra8 34. h7 Be4+ 35. Kc1 Ra1+ 36. Kd2 Bxh7 37. Rxh7 b2 38. Rb7 b1=Q 39. Rxb1 Rxb1 40. Bxc4 Rg1 41. Be2 Kd5 42. Bf3+ Kc4 43. Be2+ Kc5 44. Ke3 Rg3+ 45. Kd2 Kd5 46. c4+ Ke4 47. g5 fxg5 48. fxg5 Rxg5 49. Bd3+ Kd4 50. Bf1 e5 51. Be2 e4 52. c5 e3+ 53. Ke1 Rxc5 54. Bf3 Rc2 55. Bh5 Ke5 56. Be8 Kf4 57. Ba4 Ra2 58. Bc6 e2 59. Kf2 Rd2 60. Bb5 e1=Q+ 61. Kxe1 Ke3 62. Be8 1/2-1/2

[Event "22nd Ruzomberok Open 2019"]
[Site "Ruzomberok"]
[Date "2019.06.29"]
[Round "1.35"]
[White "Horbal, Michal"]
[Black "Profant, Jan"]
[Result "0-1"]
[ECO "B20"]
[WhiteElo "1121"]
[BlackElo "1871"]
[Annotator "NA"]
[PlyCount "78"]
[EventDate "2019.06.29"]
[EventType "swiss"]
[EventCountry "SVK"]
[SourceTitle "playchess.com"]
[Source "ChessBase"]
[SourceQuality "1"]
[TimeControl "40/5400+30:1800+30"]

1. e4 c5 2. Bc4 Nc6 3. Nf3 g6 4. O-O Bg7 5. c3 d6 6. h3 Nf6 7. d3 a6 8. Re1 b5 9. Bd5 Nxd5 10. exd5 Ne5 11. Nxe5 dxe5 12. c4 O-O 13. Nc3 b4 14. Ne4 Qc7 15. Be3 f5 16. Ng5 h6 17. Ne6 Bxe6 18. dxe6 f4 19. Bc1 Qc6 20. Qg4 Rf5 21. Qxg6 Rf6 22. Qe4 Qxe4 23. Rxe4 Rg6 24. a3 b3 25. Bd2 Rd8 26. Ba5 Rxd3 27. Kh2 Rxe6 28. Rae1 Rd4 29. Bc3 Rxe4 30. Rxe4 Kf7 31. Bd2 Kf6 32. g3 Kf5 33. Re1 fxg3+ 34. fxg3 e4 35. Rf1+ Kg6 36. Bc1 Bd4 37. Rf8 e3 38. Rg8+ Kf7 39. Rg4 e2 0-1

[Event "22nd Ruzomberok Open 2019"]
[Site "Ruzomberok"]
[Date "2019.06.29"]
[Round "1.36"]
[White "Zahradnik, Vladimir"]
[Black "Slyk, Piotr"]
[Result "1-0"]
[ECO "A40"]
[WhiteElo "1862"]
[BlackElo "1082"]
[Annotator "NA"]
[PlyCount "95"]
[EventDate "2019.06.29"]
[EventType "swiss"]
[EventCountry "SVK"]
[SourceTitle "playchess.com"]
[Source "ChessBase"]
[SourceQuality "1"]
[TimeControl "40/5400+30:1800+30"]

1. d4 e6 2. Nf3 Nf6 3. a3 g6 4. c4 Bg7 5. Nc3 O-O 6. e4 d6 7. Be2 Qd7 8. Bg5 Ne8 9. Qd2 a6 10. Bh6 Nc6 11. h4 f6 12. h5 Qf7 13. hxg6 Qxg6 14. O-O-O Bd7 15. Rh4 e5 16. Rdh1 Rf7 17. Be3 Bf8 18. d5 Ne7 19. g4 Rg7 20. Ne1 c6 21. Bh6 Rf7 22. Bxf8 Kxf8 23. Nd3 cxd5 24. cxd5 Rc8 25. f3 b5 26. Kb1 Rg7 27. Nd1 Rc7 28. Ne3 Bc8 29. Bd1 Ng8 30. Bb3 Qf7 31. f4 Qg6 32. Nf5 Rgd7 33. fxe5 fxe5 34. g5 Rf7 35. Nxe5 dxe5 36. Rh6 Nxh6 37. Rxh6 Qg8 38. Qb4+ Rfe7 39. d6 Rc1+ 40. Ka2 Re6 41. d7+ Nd6 42. d8=Q+ Kf7 43. Qxg8+ Kxg8 44. Qxd6 Rc6 45. Qxc6 Bd7 46. Qxd7 Kf8 47. Qxe6 b4 48. Qf7# 1-0

[Event "22nd Ruzomberok Open 2019"]
[Site "Ruzomberok"]
[Date "2019.06.29"]
[Round "1.38"]
[White "Marsina, Stefan"]
[Black "Berglund, Jan S."]
[Result "1-0"]
[ECO "A40"]
[WhiteElo "1857"]
[BlackElo "2013"]
[Annotator "NA"]
[PlyCount "61"]
[EventDate "2019.06.29"]
[EventType "swiss"]
[EventCountry "SVK"]
[SourceTitle "playchess.com"]
[Source "ChessBase"]
[SourceQuality "1"]
[TimeControl "40/5400+30:1800+30"]

1. d4 b6 2. Bf4 e6 3. Nf3 Bb7 4. e3 Nf6 5. Bd3 c5 6. h3 d5 7. c4 dxc4 8. Bxc4 Bd5 9. Bb5+ Bc6 10. Nc3 a6 11. Be2 b5 12. O-O b4 13. Na4 Bxa4 14. Qxa4+ Qd7 15. Qc2 cxd4 16. Rfd1 Qc6 17. Qd3 Qe4 18. Qc4 Qc6 19. Qxd4 Be7 20. Rac1 Qd7 21. Qc4 Nd5 22. Qc8+ Qxc8 23. Rxc8+ Bd8 24. Rxb8 Nxf4 25. Rdxd8+ Ke7 26. Rxh8 Rxb8 27. Rxb8 Nxe2+ 28. Kf1 Nc1 29. Rxb4 Nd3 30. Rb7+ Kf6 31. b4 1-0

[Event "22nd Ruzomberok Open 2019"]
[Site "Ruzomberok"]
[Date "2019.06.29"]
[Round "1.39"]
[White "Brennan, Samuel J"]
[Black "Pasztor, Ladislav"]
[Result "0-1"]
[ECO "B56"]
[WhiteElo "1678"]
[BlackElo "1857"]
[Annotator "NA"]
[PlyCount "82"]
[EventDate "2019.06.29"]
[EventType "swiss"]
[EventCountry "SVK"]
[SourceTitle "playchess.com"]
[Source "ChessBase"]
[SourceQuality "1"]
[TimeControl "40/5400+30:1800+30"]

1. e4 c5 2. Nf3 Nc6 3. d4 cxd4 4. Nxd4 Nf6 5. Nc3 d6 6. Bb5 Bd7 7. O-O e6 8. Re1 Qc7 9. Bg5 Be7 10. Ba4 a6 11. f4 b5 12. Nxc6 Bxc6 13. Bb3 O-O 14. e5 dxe5 15. fxe5 Rad8 16. Qe2 Nd5 17. Bxe7 Nxc3 18. Qe3 Qxe7 19. Qxc3 Bb7 20. Rad1 Qg5 21. g3 Qg4 22. Rxd8 Rxd8 23. Qc7 Qd4+ 24. Kf1 Qd7 25. Qxd7 Rxd7 26. c3 Kf8 27. Rd1 Ke7 28. Rxd7+ Kxd7 29. Ke2 Kc6 30. Kd3 Kc5 31. a3 Bg2 32. Ba2 Bd5 33. Bxd5 Kxd5 34. b3 Kxe5 35. c4 bxc4+ 36. bxc4 Kd6 37. Kd4 f6 38. g4 e5+ 39. Kc3 Kc5 40. h3 g6 41. Kd3 f5 0-1

[Event "22nd Ruzomberok Open 2019"]
[Site "Ruzomberok"]
[Date "2019.06.30"]
[Round "2.1"]
[White "Jablonicky, Martin"]
[Black "Balogh, Peter"]
[Result "1-0"]
[ECO "E46"]
[WhiteElo "2378"]
[BlackElo "2258"]
[Annotator "NA"]
[PlyCount "67"]
[EventDate "2019.06.29"]
[EventType "swiss"]
[EventCountry "SVK"]
[SourceTitle "playchess.com"]
[Source "ChessBase"]
[SourceQuality "1"]
[TimeControl "40/5400+30:1800+30"]

1. d4 Nf6 2. c4 e6 3. Nc3 Bb4 4. e3 O-O 5. Nge2 d5 6. a3 Be7 7. cxd5 Nxd5 8. g3 Nd7 9. Bg2 Nxc3 10. bxc3 c6 11. O-O e5 12. a4 exd4 13. cxd4 Nf6 14. Nf4 Qc7 15. Qc2 Bd7 16. e4 Ne8 17. Bd2 g6 18. Rab1 Rb8 19. Rfc1 Qd8 20. a5 Ng7 21. Be3 a6 22. Rb6 Qc8 23. Qa2 Bd8 24. Rb2 Bc7 25. Nd3 Qd8 26. Nc5 Bc8 27. Rcb1 Bxa5 28. Nxb7 Bxb7 29. Rxb7 Rxb7 30. Rxb7 Qc8 31. Ra7 Bb6 32. Rxa6 Qb7 33. Bf1 Rb8 34. Bf4 1-0

[Event "22nd Ruzomberok Open 2019"]
[Site "Ruzomberok"]
[Date "2019.06.30"]
[Round "2.2"]
[White "Palider, Pavol"]
[Black "Farkas, Gabor"]
[Result "0-1"]
[ECO "B23"]
[WhiteElo "2026"]
[BlackElo "2353"]
[Annotator "NA"]
[PlyCount "118"]
[EventDate "2019.06.29"]
[EventType "swiss"]
[EventCountry "SVK"]
[SourceTitle "playchess.com"]
[Source "ChessBase"]
[SourceQuality "1"]
[TimeControl "40/5400+30:1800+30"]

1. e4 c5 2. Nc3 Nc6 3. Nge2 e6 4. g3 d5 5. exd5 exd5 6. Bg2 Nf6 7. O-O d4 8. Ne4 Nxe4 9. Bxe4 Bg4 10. f3 Bd7 11. Re1 Be7 12. d3 O-O 13. Nf4 Bd6 14. Ng2 Qc7 15. f4 f5 16. Bd5+ Kh8 17. a3 Ne7 18. Bf3 Rae8 19. c4 Ng8 20. Bd2 Nf6 21. b4 b5 22. bxc5 Bxc5 23. cxb5 Bxb5 24. Rc1 Qd6 25. Rxc5 Qxc5 26. Bb4 Qb6 27. Bxf8 Rxf8 28. Qb3 Qa6 29. Re6 Qa5 30. Re5 a6 31. Ne1 Nd7 32. Re7 Nc5 33. Qd5 Ne4 34. Ng2 Nf6 35. Qxd4 Qxa3 36. Re3 Rc8 37. Ne1 Qc3 38. Qe5 Qc1 39. Qd4 Qc3 40. Qe5 Qc1 41. Qd4 a5 42. h3 a4 43. g4 a3 44. g5 Ne4 45. dxe4 a2 46. exf5 a1=Q 47. Qb6 Qc5 48. Qxc5 Rxc5 49. Kh2 Rxf5 50. Ng2 Rf8 51. Kg3 Qa7 52. Re5 Bf1 53. Ne3 Bd3 54. h4 Qd4 55. Ng2 g6 56. Re1 Bf5 57. h5 gxh5 58. Bxh5 Be4 59. Ne3 Bg6 0-1

[Event "22nd Ruzomberok Open 2019"]
[Site "Ruzomberok"]
[Date "2019.06.30"]
[Round "2.3"]
[White "Vojtek, Vladimir"]
[Black "Viczencz, Peter"]
[Result "1-0"]
[ECO "A00"]
[WhiteElo "2313"]
[BlackElo "2014"]
[Annotator "NA"]
[PlyCount "65"]
[EventDate "2019.06.29"]
[EventType "swiss"]
[EventCountry "SVK"]
[SourceTitle "playchess.com"]
[Source "ChessBase"]
[SourceQuality "1"]
[TimeControl "40/5400+30:1800+30"]

1. b4 e6 2. Bb2 Nf6 3. a3 c5 4. b5 d5 5. e3 a6 6. Nf3 axb5 7. Bxb5+ Bd7 8. Be2 c4 9. O-O Be7 10. Ne5 O-O 11. d3 b5 12. f4 Qb6 13. Bd4 Bc5 14. Bxc5 Qxc5 15. d4 Qd6 16. Bf3 Ra7 17. c3 Ne4 18. Bxe4 dxe4 19. Qc2 f5 20. g4 Na6 21. Kh1 Nc7 22. Rg1 Nd5 23. Rg3 Be8 24. Ra2 Nf6 25. Qd1 Nxg4 26. Nxg4 fxg4 27. Qxg4 Bg6 28. Qd1 Qd5 29. Rg5 Rf5 30. Rag2 Bh5 31. Qxh5 g6 32. Rxg6+ hxg6 33. Qxg6+ 1-0

[Event "22nd Ruzomberok Open 2019"]
[Site "Ruzomberok"]
[Date "2019.06.30"]
[Round "2.4"]
[White "Baleja, Marian"]
[Black "Zvarik, Martin"]
[Result "0-1"]
[ECO "B07"]
[WhiteElo "1951"]
[BlackElo "2308"]
[Annotator "NA"]
[PlyCount "84"]
[EventDate "2019.06.29"]
[EventType "swiss"]
[EventCountry "SVK"]
[SourceTitle "playchess.com"]
[Source "ChessBase"]
[SourceQuality "1"]
[TimeControl "40/5400+30:1800+30"]

1. e4 d6 2. d4 Nf6 3. Nc3 a6 4. f4 b5 5. e5 Nfd7 6. Nf3 e6 7. Be3 b4 8. Ne4 d5 9. Nf2 c5 10. Bd3 Nc6 11. c3 bxc3 12. bxc3 Qa5 13. Bd2 c4 14. Bc2 Nb6 15. a4 Ne7 16. O-O h5 17. Ng5 g6 18. h3 Nf5 19. g4 hxg4 20. hxg4 Nh6 21. Kg2 Bd7 22. Rh1 Bg7 23. Qb1 f5 24. exf6 Bxf6 25. Bxg6+ Ke7 26. Nf3 Rag8 27. Kf1 Nxg4 28. Rxh8 Rxh8 29. Nxg4 Rh1+ 30. Ng1 Bxd4 31. Nf2 Bxf2 32. Kxf2 Rh2+ 33. Ke1 d4 34. Qb4+ Qxb4 35. cxb4 Rg2 36. Nf3 Rxg6 37. Kf2 c3 38. Be1 Rg4 39. Nxd4 Rxf4+ 40. Ke3 Nd5+ 41. Kd3 e5 42. Nc2 Bf5+ {[%emt 0:00:00] Nd4 Bd7 Ne2} 0-1

[Event "22nd Ruzomberok Open 2019"]
[Site "Ruzomberok"]
[Date "2019.06.30"]
[Round "2.5"]
[White "Movsesian, Julia"]
[Black "Druska, Robert"]
[Result "1-0"]
[ECO "B23"]
[WhiteElo "2291"]
[BlackElo "1918"]
[Annotator "NA"]
[PlyCount "41"]
[EventDate "2019.06.29"]
[EventType "swiss"]
[EventCountry "SVK"]
[SourceTitle "playchess.com"]
[Source "ChessBase"]
[SourceQuality "1"]
[TimeControl "40/5400+30:1800+30"]

1. e4 c5 2. Nc3 e6 3. Nf3 d5 4. exd5 exd5 5. d4 Nf6 6. Bg5 Be7 7. dxc5 O-O 8. Be2 Nc6 9. O-O Re8 10. Be3 Ng4 11. Nxd5 Nxe3 12. Nxe3 Qa5 13. Bc4 Bxc5 14. Ng5 Bxe3 15. Qh5 Be6 16. Qxh7+ Kf8 17. Nxe6+ Ke7 18. fxe3 Ne5 19. Qxg7 Rg8 20. Qf6+ Ke8 21. Bb5+ 1-0

[Event "22nd Ruzomberok Open 2019"]
[Site "Ruzomberok"]
[Date "2019.06.30"]
[Round "2.6"]
[White "Koloditsova, Renata"]
[Black "Jakab, Bela"]
[Result "0-1"]
[ECO "C05"]
[WhiteElo "1903"]
[BlackElo "2278"]
[Annotator "NA"]
[PlyCount "84"]
[EventDate "2019.06.29"]
[EventType "swiss"]
[EventCountry "SVK"]
[SourceTitle "playchess.com"]
[Source "ChessBase"]
[SourceQuality "1"]
[TimeControl "40/5400+30:1800+30"]

1. e4 e6 2. d4 d5 3. Nd2 Nf6 4. e5 Nfd7 5. Ngf3 c5 6. c3 Nc6 7. Bd3 Be7 8. O-O f5 9. a3 Qb6 10. Re1 O-O 11. c4 cxd4 12. b4 Qc7 13. cxd5 Ncxe5 14. Bb1 Nxf3+ 15. Nxf3 e5 16. Nxd4 Nb6 17. Ba2 Kh8 18. Nb5 Qd7 19. d6 Bd8 20. a4 a6 21. Nc3 a5 22. b5 Bf6 23. Be3 e4 24. Rc1 Bd8 25. Bc5 Qe8 26. Bxb6 Bxb6 27. Nd5 Bd8 28. Nc7 Bxc7 29. dxc7 Be6 30. Bxe6 Qxe6 31. Qd4 Rae8 32. Rc4 Kg8 33. Rec1 f4 34. Qc3 Rc8 35. Re1 e3 36. f3 Rf7 37. Qd4 e2 38. b6 Rd7 39. Qxf4 Qxb6+ 40. Kh1 Rdxc7 41. Re4 Qf2 42. Qg3 Qf1+ 0-1

[Event "22nd Ruzomberok Open 2019"]
[Site "Ruzomberok"]
[Date "2019.06.30"]
[Round "2.7"]
[White "Pniaczek, Marek"]
[Black "Pecho, Juraj"]
[Result "1-0"]
[ECO "B31"]
[WhiteElo "2276"]
[BlackElo "1900"]
[Annotator "NA"]
[PlyCount "57"]
[EventDate "2019.06.29"]
[EventType "swiss"]
[EventCountry "SVK"]
[SourceTitle "playchess.com"]
[Source "ChessBase"]
[SourceQuality "1"]
[TimeControl "40/5400+30:1800+30"]

1. e4 c5 2. Nf3 Nc6 3. Bb5 g6 4. O-O Bg7 5. Re1 e5 6. Bxc6 dxc6 7. d3 Ne7 8. Nbd2 O-O 9. Nc4 f6 10. Be3 b6 11. a3 a5 12. b4 axb4 13. axb4 Rxa1 14. Qxa1 b5 15. Ncd2 cxb4 16. Qa2+ Kh8 17. Ra1 Qc7 18. Bc5 Re8 19. Qf7 Qd8 20. Ra8 Bf8 21. Qxf6+ Kg8 22. Ng5 Bg7 23. Qf7+ Kh8 24. Bxe7 Rxe7 25. Rxc8 Qxc8 26. Qxe7 c5 27. Ne6 Bh6 28. Nf3 Qg8 29. Nxe5 1-0

[Event "22nd Ruzomberok Open 2019"]
[Site "Ruzomberok"]
[Date "2019.06.30"]
[Round "2.8"]
[White "Janik, Miroslav"]
[Black "Karas, Marek"]
[Result "0-1"]
[ECO "C03"]
[WhiteElo "1889"]
[BlackElo "2268"]
[Annotator "NA"]
[PlyCount "55"]
[EventDate "2019.06.29"]
[EventType "swiss"]
[EventCountry "SVK"]
[SourceTitle "playchess.com"]
[Source "ChessBase"]
[SourceQuality "1"]
[TimeControl "40/5400+30:1800+30"]

1. e4 e6 2. d4 d5 3. Nd2 h6 4. exd5 exd5 5. Ngf3 Bf5 6. Nb3 Nc6 7. c3 Bd6 8. Bd3 Qf6 9. Be3 Nge7 10. Qc2 O-O-O 11. O-O-O g5 12. h4 g4 13. Bxf5+ Nxf5 14. Nh2 Rhg8 15. Qe2 Nxe3 16. fxe3 Qxh4 17. Rdg1 Rde8 18. Nf1 Qg5 19. g3 Ne7 20. c4 Nf5 21. Kd2 Bb4+ 22. Kd3 dxc4+ 23. Kxc4 Nxe3+ 24. Nxe3 Rxe3 25. Qf2 Bd6 26. Nc5 Bxc5 27. dxc5 Rge8 28. Kd4 0-1

[Event "22nd Ruzomberok Open 2019"]
[Site "Ruzomberok"]
[Date "2019.06.30"]
[Round "2.9"]
[White "Sarkozy, Ladislav"]
[Black "Ambrozi, Peter"]
[Result "1-0"]
[ECO "B35"]
[WhiteElo "2227"]
[BlackElo "1888"]
[Annotator "NA"]
[PlyCount "50"]
[EventDate "2019.06.29"]
[EventType "swiss"]
[EventCountry "SVK"]
[SourceTitle "playchess.com"]
[Source "ChessBase"]
[SourceQuality "1"]
[TimeControl "40/5400+30:1800+30"]

1. e4 c5 2. Nf3 Nc6 3. Nc3 g6 4. d4 cxd4 5. Nxd4 Bg7 6. Be3 Nf6 7. Bc4 O-O 8. Bb3 a5 9. f3 d5 10. exd5 Nb4 11. Nde2 Bf5 12. O-O a4 13. Nxa4 Nfxd5 14. Bf2 b5 15. Nac3 Nxc3 16. Nxc3 Qxd1 17. Raxd1 Bxc3 18. bxc3 Nxa2 19. Bd4 Rfc8 20. Ra1 Be6 21. Bxe6 fxe6 22. Rfb1 Ra5 23. Rb2 Rca8 24. Rab1 Rb8 25. Ra1 Rba8 1-0

[Event "22nd Ruzomberok Open 2019"]
[Site "Ruzomberok"]
[Date "2019.06.30"]
[Round "2.10"]
[White "Hros, Roman"]
[Black "Zahradnik, Vladimir"]
[Result "1-0"]
[ECO "B20"]
[WhiteElo "2195"]
[BlackElo "1862"]
[Annotator "NA"]
[PlyCount "49"]
[EventDate "2019.06.29"]
[EventType "swiss"]
[EventCountry "SVK"]
[SourceTitle "playchess.com"]
[Source "ChessBase"]
[SourceQuality "1"]
[TimeControl "40/5400+30:1800+30"]

1. e4 c5 2. Be2 Nc6 3. f4 Nf6 4. d3 d5 5. e5 Ng8 6. c3 g6 7. Nf3 Bg4 8. Qb3 Qd7 9. Be3 e6 10. Nbd2 h5 11. g3 Nh6 12. h3 Bxf3 13. Nxf3 Nf5 14. Bf2 Be7 15. O-O-O d4 16. g4 Ng7 17. cxd4 Nxd4 18. Nxd4 cxd4 19. Bf3 Rb8 20. Kb1 Bc5 21. Rc1 Bb6 22. Bh4 Rh7 23. Qa3 a6 24. Qb4 Ba7 25. Bf6 1-0